 Dungeon Crawl Stone Soup version 0.21.0-3-g78d12a8 (webtiles) character file.

252 tidbits the Gusty (level 6, -7/66 HPs)
             Began as a Gnoll Air Elementalist on Jan 11, 2018.
             Mangled by a troll (10 damage)
             ... on level 6 of the Dungeon.
             The game lasted 00:09:40 (887 turns).

tidbits the Gusty (Gnoll Air Elementalist)           Turns: 887, Time: 00:09:41

Health: -7/66      AC:  2    Str: 15    XL:     6   Next: 13%
Magic:  5/13       EV: 15    Int: 19    God:
Gold:   109        SH:  0    Dex: 16    Spells: 5/15 levels left

rFire    . . .     SeeInvis .   d - +0 dagger
rCold    . . .     Gourm    .   (no shield)
rNeg     . . .     Faith    .   a - +0 robe
rPois    .         Spirit   .   (no helmet)
rElec    .         Reflect  .   (no cloak)
rCorr    .         Harm     .   (no gloves)
MR       .....                  (no boots)
Stlth    ..........             (no amulet)
HPRegen  0.21/turn              (no ring)
MPRegen  0.13/turn              (no ring)

@: berserking, hasted, very quick
A: distributed training, fangs 1, deterioration 1, sense surroundings 1,
evolution 1, strong nose
a: no special abilities


You were on level 6 of the Dungeon.
You were not hungry.

You visited 1 branch of the dungeon, and saw 6 of its levels.

You collected 109 gold pieces.

Inventory:

Hand Weapons
 d - a +0 dagger (weapon)
 g - a +0 hand axe
Missiles
 e - 39 stones (quivered)
Armour
 a - a +0 robe (worn)
Scrolls
 f - 5 scrolls of immolation
 l - a scroll of enchant armour {unknown}
 n - 2 scrolls of remove curse
Potions
 h - a potion of mutation {!q}
 i - a potion of curing
 j - a potion of haste
 m - a potion of resistance
 o - a potion of flight
Books
 b - a book of Air

   Spells                             Type                      Level
   a - Shock                          Conjuration/Air              1
   b - Swiftness                      Charms/Air                   2
   c - Static Discharge               Conjuration/Air              3
   d - Airstrike                      Air                          4
   e - Lightning Bolt                 Conjuration/Air              5
Comestibles
 c - a ration
 p - a chunk of flesh


   Skills:
 + Level 1.8 Fighting
 + Level 1.8 Short Blades
 + Level 1.8 Long Blades
 + Level 1.8 Axes
 + Level 1.8 Maces & Flails
 + Level 1.8 Polearms
 + Level 1.8 Staves
 + Level 1.8 Slings
 + Level 1.8 Bows
 + Level 1.8 Crossbows
 + Level 1.8 Throwing
 + Level 1.8 Armour
 + Level 4.9 Dodging
 + Level 4.5 Stealth
 + Level 1.8 Shields
 + Level 1.8 Unarmed Combat
 + Level 5.3 Spellcasting
 + Level 2.5 Conjurations
 + Level 1.4 Hexes
 + Level 1.4 Charms
 + Level 1.4 Summonings
 + Level 1.4 Necromancy
 + Level 1.4 Translocations
 + Level 1.4 Transmutations
 + Level 1.4 Fire Magic
 + Level 1.4 Ice Magic
 + Level 5.6 Air Magic
 + Level 1.4 Earth Magic
 + Level 1.4 Poison Magic
 + Level 2.0 Invocations
 + Level 1.8 Evocations


You had 5 spell levels left.
You knew the following spells:

 Your Spells              Type           Power        Failure   Level  Hunger
a - Shock                 Conj/Air       ###.         2%          1    None
d - Static Discharge      Conj/Air       ###.....     7%          3    ##.....
i - Airstrike             Air            ####......   12%         4    ####...
W - Swiftness             Chrm/Air       ###.....     4%          2    None


Dungeon Overview and Level Annotations

Branches:
Dungeon (6/15)
 Temple: D:4-7

Altars:
Fedhas
Ru

Annotations:
D:3 Rhok's ghost, amateur VSFi


Innate Abilities, Weirdness & Mutations

Your experience applies equally to all skills.
You have very sharp teeth.
Your uncanny sense of smell can sniff out nearby items.
Your body sometimes deteriorates upon taking damage.
You passively map a small area around you.
You evolve.


Message History

Confirm with . or Enter, or press ? or * to list all spells.
Aiming: Shock
Press: ? - help, Shift-Dir - straight line You miscast Shock.
You are very lightly contaminated with residual magic.
Sparks of electricity dance between your hands.
The orc wizard misses you. The goblin barely misses you.
Casting: Shock
Confirm with . or Enter, or press ? or * to list all spells.
Aiming: Shock
Press: ? - help, Shift-Dir - straight line The zap hits the orc wizard.
The orc wizard is lightly wounded.
The zap hits the orc wizard.
The orc wizard is severely wounded.
You feel sick.
You are no longer poisoned.
The orc wizard hits you with a dagger.
* * * LOW HITPOINT WARNING * * *
Casting: Shock
Confirm with . or Enter, or press ? or * to list all spells.
Aiming: Shock
Press: ? - help, Shift-Dir - straight line The zap misses the orc wizard.
The zap hits the orc wizard.
The orc wizard is almost dead.
The orc wizard hits you with a dagger.
* * * LOW HITPOINT WARNING * * *
The goblin closely misses you.
Casting: Shock
Confirm with . or Enter, or press ? or * to list all spells.
Aiming: Shock
Press: ? - help, Shift-Dir - straight line The zap hits the orc wizard.
The orc wizard is almost dead.
The zap hits the orc wizard.
The orc wizard appears unharmed.
The orc wizard is almost dead.
The orc wizard misses you. The goblin hits you but does no damage.
Casting: Shock
Confirm with . or Enter, or press ? or * to list all spells.
Aiming: Shock
Press: ? - help, Shift-Dir - straight line The zap hits the orc wizard.
You kill the orc wizard!
Your Invocations skill increases to level 2!
You hit the goblin. Your bite misses the goblin.
The goblin is severely wounded.
The goblin hits you but does no damage.
You hit the goblin but do no damage. Your bite misses the goblin.
The goblin is severely wounded.
The goblin hits you.
* * * LOW HITPOINT WARNING * * *
You hit the goblin.
You kill the goblin!
The bat hits you but does no damage. The bat misses you.
You hit the bat.
The bat is severely wounded.
The bat hits you but does no damage.
You hit the bat.
You kill the bat!
Things that are here:
a dagger; a robe; an orc corpse You open the door.
There is an open door here.
Things that are here:
a dagger; a robe; an orc corpse
There is a sacrificial altar of Ru here.
Your magical contamination has completely faded away.
You open the door. 2 orcs and an orc wizard come into view.
There is an open door here.
The orc shouts!
You hear a bark!
A hound comes into view.
A troll comes into view.
The hound pauses to sniff the ground.
A bullfrog skeleton comes into view.
The troll shouts!
It was a potion of mutation.
You feel extremely strange.
Your body twists and deforms.
You feel genetically stable. The orc hits you with a club.
* * * LOW HITPOINT WARNING * * *
Really quaff
h - 2 potions of mutation {!q}?
You feel extremely strange.
Your body's shape seems more normal.
You feel genetically unstable.
You feel yourself wasting away.
You feel a strange attunement to the structure of the dungeons.
You feel nature experimenting on you.
Don't worry, failures die fast.
The orc shouts!
Unknown command.
It was a potion of curing.
You feel better.
Okay, then.
It was a potion of haste.
You feel yourself speed up. The troll bites you!
* * * LOW HITPOINT WARNING * * *
The troll barely misses you. The troll closely misses you.
It was a potion of berserk rage.
A red film seems to cover your vision as you go berserk!
You feel yourself moving faster!
You feel mighty! The troll bites you.
* * * LOW HITPOINT WARNING * * *
The troll closely misses you. The troll claws you!
You die...

#.....#
#.#...######### *
#......#......# ∆ ∆
* , ,
#.'#######'...# ∆ ,
#.#...#...#.###∆, ,
#.#.†.#...#.# ,
###....)..#####∆
###._†### #.# ∆
#.......###@# *∆ ∆ *
#...#...#.#T######
#...#...#.#ho.T..# ,
*
+#######'.oo#......#
+ , *#......##..Z..#
, * ...#.....#
...... ,* ,
.....o#....# #....,
......#....# #### *
, , .......#....


You could see a troll, a hound, an orc wizard and 2 orcs.

Vanquished Creatures
  A howler monkey (D:5)
  A bullfrog zombie (D:6)
  A bullfrog skeleton (D:2)
  An orc wizard (D:6)
  3 worker ants
  An adder (D:3)
  An ooze (D:2)
  A worm (D:2)
  2 dart slugs
  3 bats
  5 hobgoblins
  7 jackals (D:1)
  A quokka (D:3)
  A ball python (D:1)
  4 frilled lizards
  5 goblins
  3 kobolds
  A leopard gecko zombie (D:5)
  4 rats
46 creatures vanquished.

Notes
Turn   | Place    | Note
-------+----------+-------------------------------------------
     0 | D:1      | tidbits the Gnoll Air Elementalist began the quest for the Orb.
     0 | D:1      | Reached XP level 1. HP: 13/13 MP: 6/6
   107 | D:1      | Reached skill level 2 in Conjurations
   116 | D:1      | Reached XP level 2. HP: 15/19 MP: 1/7
   280 | D:2      | Found a blossoming altar of Fedhas.
   286 | D:2      | Reached XP level 3. HP: 25/25 MP: 3/9
   290 | D:2      | Learned a level 2 spell: Swiftness
   294 | D:2      | Learned a level 3 spell: Static Discharge
   303 | D:2      | Reached skill level 5 in Spellcasting
   344 | D:2      | Reached skill level 1 in Fighting
   344 | D:2      | Reached skill level 1 in Short Blades
   344 | D:2      | Reached skill level 1 in Long Blades
   344 | D:2      | Reached skill level 1 in Axes
   344 | D:2      | Reached skill level 1 in Maces & Flails
   344 | D:2      | Reached skill level 1 in Polearms
   344 | D:2      | Reached skill level 1 in Staves
   344 | D:2      | Reached skill level 1 in Slings
   344 | D:2      | Reached skill level 1 in Bows
   344 | D:2      | Reached skill level 1 in Crossbows
   344 | D:2      | Reached skill level 1 in Throwing
   344 | D:2      | Reached skill level 1 in Armour
   344 | D:2      | Reached skill level 1 in Shields
   344 | D:2      | Reached skill level 1 in Unarmed Combat
   344 | D:2      | Reached skill level 1 in Invocations
   344 | D:2      | Reached skill level 1 in Evocations
   424 | D:2      | Reached XP level 4. HP: 32/32 MP: 9/11
   430 | D:2      | Learned a level 4 spell: Airstrike
   583 | D:3      | Noticed Rhok's ghost (amateur VSFi)
   713 | D:4      | Reached skill level 1 in Hexes
   713 | D:4      | Reached skill level 1 in Charms
   713 | D:4      | Reached skill level 1 in Summonings
   713 | D:4      | Reached skill level 1 in Necromancy
   713 | D:4      | Reached skill level 1 in Translocations
   713 | D:4      | Reached skill level 1 in Transmutations
   713 | D:4      | Reached skill level 1 in Fire Magic
   713 | D:4      | Reached skill level 1 in Ice Magic
   713 | D:4      | Reached skill level 1 in Earth Magic
   713 | D:4      | Reached skill level 1 in Poison Magic
   719 | D:5      | Entered Level 5 of the Dungeon
   731 | D:5      | Reached XP level 5. HP: 22/37 MP: 4/12
   834 | D:6      | Reached XP level 6. HP: 22/44 MP: 3/13
   842 | D:6      | Found a sacrificial altar of Ru.
   857 | D:6      | Reached skill level 2 in Invocations
   879 | D:6      | Noticed a troll
   883 | D:6      | Gained mutation: Armour fits poorly on your strangely shaped body. [potion of mutation]
   883 | D:6      | Gained mutation: You are somewhat resistant to further mutation. [potion of mutation]
   884 | D:6      | Lost mutation: Armour fits poorly on your strangely shaped body. [potion of mutation]
   884 | D:6      | Lost mutation: You are somewhat resistant to further mutation. [potion of mutation]
   884 | D:6      | Gained mutation: Your body sometimes deteriorates upon taking damage. [potion of mutation]
   884 | D:6      | Gained mutation: You passively map a small area around you. [potion of mutation]
   884 | D:6      | Gained mutation: You evolve. [potion of mutation]
   887 | D:6      | HP: 3/66 [troll (6)]
   887 | D:6      | Mangled by a troll

Skill      XL: |  1  2  3  4  5  6 |
---------------+-------------------+-----
Conjurations   | 2 |  2.5
Spellcasting   | 5 |  5.3
Fighting       | 1 |  1.8
Short Blades   | 1 |  1.8
Long Blades    | 1 |  1.8
Axes           | 1 |  1.8
Maces & Flails | 1 |  1.8
Polearms       | 1 |  1.8
Staves         | 1 |  1.8
Slings         | 1 |  1.8
Bows           | 1 |  1.8
Crossbows      | 1 |  1.8
Throwing       | 1 |  1.8
Armour         | 1 |  1.8
Shields        | 1 |  1.8
Unarmed Combat | 1 |  1.8
Invocations    | 1 2 |  2.0
Evocations     | 1 |  1.8
Hexes          | 1 |  1.4
Charms         | 1 |  1.4
Summonings     | 1 |  1.4
Necromancy     | 1 |  1.4
Translocations | 1 |  1.4
Transmutations | 1 |  1.4
Fire Magic     | 1 |  1.4
Ice Magic      | 1 |  1.4
Earth Magic    | 1 |  1.4
Poison Magic   | 1 |  1.4
Dodging        | |  4.9
Stealth        | |  4.5
Air Magic      | |  5.6

Action                   |  1- 3 |  4- 6 || total
-------------------------+-------+-------++-------
Melee: Hand axe          |     4 |       ||     4
       Dagger            |     1 |    12 ||    13
 Cast: Shock             |    29 |    47 ||    76
  Use: Scroll            |       |     6 ||     6
       Potion            |       |     5 ||     5
 Stab: Sleeping          |     1 |     1 ||     2
       Paralysed         |       |     1 ||     1
Armor: Robe              |     3 |     5 ||     8
Dodge: Dodged            |    10 |    32 ||    42

Table legend:
 A = Turns spent in this place as a percentage of turns spent in the entire game.
 B = Non-inter-level travel turns spent in this place as a percentage of non-inter-level travel turns spent in the entire game.
 C = Inter-level travel turns spent in this place as a percentage of turns spent in this place.
 D = Turns resting spent in this place as a percentage of non-inter-level travel turns spent in this place.
 E = Turns spent auto-exploring this place as a percentage of non-inter-level travel turns spent in this place.
 F = Non-inter-level travel turns spent in this place divided by the number of levels of this place that you've seen.
                   A       B       C       D       E      F
               +-------+-------+-------+-------+-------+----------------------
         Total | 100.0 | 100.0 |   3.8 |   0.0 |   0.0 | 142.2
       Dungeon | 100.0 | 100.0 |   3.8 |   0.0 |   0.0 | 142.2
               +-------+-------+-------+-------+-------+----------------------

Table legend:
 A = Kills in this place as a percentage of kills in entire the game.
 B = Kills by you in this place as a percentage of kills by you in the entire game.
 C = Kills by friends in this place as a percentage of kills by friends in the entire game.
 D = Other kills in this place as a percentage of other kills in the entire game.
 E = Experience gained in this place as a percentage of experience gained in the entire game.
 F = Experience gained in this place divided by the number of levels of this place that you have seen.
                   A       B       C       D       E      F
               +-------+-------+-------+-------+-------+----------------------
         Total | 100.0 | 100.0 |   N/A |   N/A | 100.0 |  60.0
       Dungeon | 100.0 | 100.0 |   N/A |   N/A | 100.0 |  60.0
               +-------+-------+-------+-------+-------+----------------------

Vault maps used:
D:1:      eino_arrival_water_star
D:2:      nicolae_overflow_hidden_temple, overflow_temple_1_default
D:3:      grunt_temple_overflow_lords_of_destruction
D:4:      first_ration, uniq_sigmund
D:5:      kennysheep_big_flooded_room, temple_hall, grunt_decor_fettered,
          okawaru_gym_becter
D:6:      minmay_opposing_rooms, nicolae_ru_great_annihilating_truth,
          serial_shops, nicolae_shop_behind_doors
